 Dungeon Crawl Stone Soup version 0.27-a0-1188-g73eefd5def (webtiles) character file.

Game seed: 7290920821227055691

21 streetpizza the Ducker (level 2, -3/16 HPs)
             Began as a Spriggan Berserker on May 21, 2021.
             Was a Follower of Trog.
             Slain by a worm (11 damage)
             ... on level 2 of the Dungeon.
             The game lasted 00:03:27 (1563 turns).

streetpizza the Ducker (Spriggan Berserker)         Turns: 1563, Time: 00:03:27

Health: -3/16      AC:  2    Str: 13    XL:     2   Next: 65%
Magic:  3/3        EV: 18    Int:  8    God:    Trog [*.....]
Gold:   41         SH:  0    Dex: 14    Spells: 1/1 levels left

rFire    . . .     SeeInvis +   a - +0 short sword
rCold    . . .     Faith    .   (shield restricted)
rNeg     . . .     Spirit   .   b - +0 animal skin
rPois    .         Reflect  .   (helmet restricted)
rElec    .         Harm     .   (no cloak)
rCorr    .         Rampage  .   (gloves unavailable)
Will     .....                  (boots unavailable)
Stlth    ++........             (no amulet)
HPRegen  0.05/turn              (no ring)
MPRegen  0.08/turn              (no ring)

@: very quick
A: very small, no large weapons, unfitting armour, see invisible, speed 3
a: Renounce Religion, Berserk


You were on level 2 of the Dungeon.
You worshipped Trog.
Trog was aware of your devotion.
You visited 1 branch of the dungeon, and saw 2 of its levels.

You collected 41 gold pieces.

Inventory:

Hand Weapons
 a - a +0 short sword (weapon)
Armour
 b - a +0 animal skin (worn)
Jewellery
 c - an amulet of faith
Scrolls
 d - 2 scrolls of identify {unknown}
Potions
 e - 3 potions of might {unknown}


   Skills:
 + Level 2.6 Fighting
 + Level 3.6 Short Blades
 + Level 4.4 Dodging
 + Level 1.6 Stealth


You had one spell level left.
You didn't know any spells.
Your spell library was empty.

Dungeon Overview and Level Annotations

Branches:
Dungeon (2/15)

Altars:

Shops:
D:1 [[(


Innate Abilities, Weirdness & Mutations

You are very small and have problems with some larger weapons.
You are too small for most types of armour.
You have supernaturally acute eyesight. (SInv)
You cover ground extremely quickly. (Speed+++)


Message History

Done exploring.
There is a stone staircase leading down here.
You climb downwards.
Found a war axe and a leather armour.
There is a stone staircase leading up here.
You see here a +0 war axe.
Found 19 arrows.
A worm comes into view.
You hit the worm but do no damage. You hit the worm.
The worm is lightly wounded.
The worm completely misses you.
You barely miss the worm.
The worm is lightly wounded.
You hit the worm but do no damage.
The worm is lightly wounded.
The worm misses you.
You barely miss the worm. You hit the worm.
The worm is lightly wounded.
The worm bites you.
You hit the worm but do no damage. You hit the worm.
The worm is lightly wounded.
The worm barely misses you.
You hit the worm.
The worm is moderately wounded.
You hit the worm.
The worm is heavily wounded.
The worm bites you.
You hit the worm.
The worm is heavily wounded.
The worm closely misses you.
You hit the worm but do no damage.
The worm is heavily wounded.
You hit the worm.
The worm is severely wounded.
The worm bites you!
Ouch! That really hurt!
You die...

#. .# ### ## .. #..
..#+## # #. #.#
#....## #. #.##w#
##.....##
#..#..#@####[......##
#....(....#.........#
#.#.......+.........+
.##....#.#...<.....#
#.....#.#.##.).....##
###...............##
#.##########...## #.
##+## #


You could see a worm.

Vanquished Creatures
  2 ball pythons (D:1)
  2 bats (D:1)
  2 endoplasms (D:1)
  3 goblins (D:1)
  A hobgoblin (D:1)
  2 kobolds (D:1)
  2 quokkas (D:1)
  A frilled lizard (D:1)
  3 rats (D:1)
18 creatures vanquished.

Notes
Turn   | Place    | Note
-------+----------+-------------------------------------------
     0 | D:1      | streetpizza the Spriggan Berserker began the quest for the
                  | Orb.
     0 | D:1      | Reached XP level 1. HP: 11/11 MP: 2/2
    46 | D:1      | Found Uxomen's Antique Armour Emporium.
   182 | D:1      | Found Textog's Antique Weapon Emporium.
   429 | D:1      | Reached skill level 1 in Stealth
   430 | D:1      | Reached XP level 2. HP: 9/16 MP: 3/3
   699 | D:1      | Found Atsathil's Antique Armour Shop.
  1563 | D:2      | Slain by a worm

Illustrated notes

Levels and vault maps discovered:
D:1:      dpeg_arrival_lava_temple_mockup, layout_basic, serial_shops, shop,
          nicolae_shop_stone, nicolae_shop_crystal, minmay_misc_feat_enclosed,
          serial_bayou_pond_d, minmay_3d_cube
D:2:      layout_loops_corners, hellmonk_ecumenical_altar_run_dry

Skill      XL: |  1 |
---------------+----+-----
Stealth        | 1 |  1.6
Fighting       | |  2.6
Short Blades   | |  3.6
Dodging        | |  4.4

Action                   || total
-------------------------++-------
Melee: Short sword       ||    75
 Stab: Sleeping          ||     5
Armor: Animal skin       ||     4
Dodge: Dodged            ||    46

Table legend: (Time is in decaauts)
 A = Elapsed time spent in this place.
 B = Non-inter-level travel time spent in this place.
 C = Inter-level travel time spent in this place.
 D = Time resting spent in this place.
 E = Time spent auto-exploring this place.
 F = Levels seen in this place.
 G = Mean time per level.
                   A        B        C        D        E       F      G
               +--------+--------+--------+--------+--------+-----+--------+
         Total |   1231 |   1225 |      6 |    179 |    898 |   2 |  615.5 |
       Dungeon |   1231 |   1225 |      6 |    179 |    898 |   2 |  615.5 |
               +--------+--------+--------+--------+--------+-----+--------+

Top non-repeatable levels by time:
     D:1: 1213 daAuts
     D:2: 18 daAuts
